 Dungeon Crawl Stone Soup version 0.17.0-23-g0de4337 (webtiles) character file.

29 JudasIscariot the Sneak (level 3, 0/25 HPs)
             Began as a Vampire Enchanter on Nov 13, 2015.
             Slain by a giant gecko (1 damage)
             ... on level 1 of the Dungeon.
             The game lasted 00:04:43 (579 turns).

JudasIscariot the Sneak (Vampire Enchanter)          Turns: 579, Time: 00:04:43

Health: 0/25       AC:  3    Str:  7    XL:     3   Next: 1%
Magic:  1/6        EV: 12    Int: 16    God:
Gold:   13         SH:  0    Dex: 14    Spells: 2 memorised, 3 levels left

rFire  . . .     SeeInvis +     e - +0 short sword
rCold  . . .     Clarity  .     j - +0 leather armour
rNeg   + . .     SustAt   .     (no shield)
rPois  .         Gourm    .     (no helmet)
rElec  .         Spirit   .     (no cloak)
rCorr  .         Warding  .     (no gloves)
rMut   .         Stasis   .     (no boots)
MR     .....                    m - amulet of rage
Stlth  +++.......               (no ring)
                                i - -2 ring of intelligence (curse)

@: very slightly contaminated, not resistant to hostile enchantments, fairly
stealthy
A: fangs 3, see invisible, unbreathing
a: Bat Form, Evoke Berserk Rage


You were on level 1 of the Dungeon.
You were not thirsty.

You visited 1 branch of the dungeon, and saw 1 of its levels.

You collected 13 gold pieces.

Inventory:

Hand Weapons
 a - a +1 dagger
 e - a +0 short sword (weapon)
Missiles
 f - 6 needles of slowing
Armour
 b - a +1 robe
 j - a +0 leather armour (worn)
Jewellery
 h - an uncursed amulet of guardian spirit
 i - a cursed -2 ring of intelligence (left hand)
 l - an uncursed amulet of faith
 m - an amulet of rage (around neck)
Scrolls
 g - a scroll of fog
Potions
 d - 6 potions of blood
 k - a potion of haste {unknown}
Books
 c - a book of Maledictions

   Spells                             Type                      Level
   a - Corona                         Hexes                        1
   b - Ensorcelled Hibernation        Hexes/Ice                    2
   c - Confuse                        Hexes                        3
   d - Tukima's Dance                 Hexes                        3
   e - Dazzling Spray                 Conjuration/Hexes            3


   Skills:
 * Level 0.5 Fighting
 * Level 1.4 Short Blades
 + Level 0.1 Armour
 * Level 2.4 Dodging
 * Level 5.1 Stealth
 * Level 2.1 Spellcasting
 * Level 4.7 Hexes


You had 3 spell levels left.
You knew the following spells:

 Your Spells              Type           Power        Failure   Level  Hunger
a - Corona                Hex            ###....      6%          1    #......
b - Ensorcelled Hibernat  Hex/Ice        #.....       21%         2    ###....


Dungeon Overview and Level Annotations

Branches:
Dungeon (1/15)

Altars:


Innate Abilities, Weirdness & Mutations

You have razor-sharp teeth.
You have supernaturally acute eyesight.
You can survive without breathing.


Message History

Your experience leads to an increase in your attributes!
Your base attributes are Str 7, Int 17, Dex 14.
Increase (S)trength, (I)ntelligence, or (D)exterity?
You feel clever.
You can now transform into a vampire bat.
You barely miss the giant gecko. The giant gecko bites you.
* * * LOW HITPOINT WARNING * * *
Drink which item? (? for menu, Esc to quit)
Yummy - fresh blood!
The giant gecko bites you but does no damage.
The giant gecko closely misses you.
Drink which item? (? for menu, Esc to quit)
Yummy - fresh blood!
The giant gecko bites you.
* * * LOW HITPOINT WARNING * * *
You miss the giant gecko. The giant gecko bites you.
* * * LOW HITPOINT WARNING * * *
You hit the giant gecko.
The giant gecko is moderately wounded.
The giant gecko bites you.
You die...

.#####..)####.####.......#
..............(>.........#
..##...#####.....#.......#
..##...# #.....#...)####
#.###### #.....#....# #.#
#.....#....# #.#
#.....#....# #.#
#.....#....## ..#
####.@lK....#
####################.#.#
........................#
##.###########.#####.#..#
##.#.#########%# ..#..#
..รท#........##.# #.#..#
...#.######.##.# .b#..#
...#.#....#.##.#####gK...
...#.#............[#


You could see a giant gecko and a kobold.

Vanquished Creatures
  A gnoll (D:1)
  2 bats (D:1)
  A giant cockroach (D:1)
  4 hobgoblins (D:1)
  A giant newt (D:1)
  3 goblins (D:1)
  3 kobolds (D:1)
  5 rats (D:1)
20 creatures vanquished.

Notes
Turn   | Place    | Note
--------------------------------------------------------------
     0 | D:1      | JudasIscariot the Vampire Enchanter began the quest for the Orb.
     0 | D:1      | Reached XP level 1. HP: 13/13 MP: 3/3
   276 | D:1      | Reached XP level 2. HP: 16/19 MP: 5/5
   280 | D:1      | Learned a level 2 spell: Ensorcelled Hibernation
   520 | D:1      | Reached skill level 5 in Stealth
   574 | D:1      | Reached XP level 3. HP: 5/25 MP: 1/6
   578 | D:1      | HP: 1/25 [giant gecko (2)]
   579 | D:1      | Slain by a giant gecko

Action                   || total
-------------------------++-------
Melee: Short sword       ||    65
 Cast: Corona            ||     3
       Ensorcelled Hiber ||     6
  Use: Potion            ||     3
       Scroll            ||     1
 Stab: Sleeping          ||     4
       Distracted        ||     1
